[Event "Titled Tuesday Blitz November 08 Late 2022"]
[White "Vargas, Mauricio"]
[Black "Antonova, Nadezhda"]
[WhiteFideId "4404572"]
[BlackFideId "14700182"]
[WhiteElo "2025"]
[BlackElo "1813"]
[Result "0-1"]
[Round "04"]
[TimeControl "180+1"]
[Date "2022.11.09"]
[WhiteClock "0:01:26"]
[BlackClock "0:02:18"]

1. e4 c5 2. Nf3 d6 3. d4 cxd4 4. Nxd4 Nf6 5. Bd3 a6 6. c4 e6 7. Nc3 Be7 8. Qe2 O-O 9. O-O Qc7 10. f4 Nbd7 11. Kh1 b6 12. b3 Bb7 13. Bb2 Rac8 14. Rae1 Nc5 15. Bb1 Rfd8 16. e5 Ne8 17. Ne4 Nxe4 18. Qxe4 Bxe4 19. Bxe4 g6 20. Nf3 d5 21. Ng5 dxe4 0-1


[Site "https://www.chess.com"]

[Event "Titled Tuesday Blitz November 08 Late 2022"]
[White "Ventura Bolet, Maxim"]
[Black "Floresvillar Gonzalez, Luis Migu"]
[WhiteFideId "22238824"]
[BlackFideId "5100542"]
[WhiteElo "2186"]
[BlackElo "2040"]
[Result "1/2-1/2"]
[Round "04"]
[TimeControl "180+1"]
[Date "2022.11.09"]
[WhiteClock "0:00:11"]
[BlackClock "0:00:29"]

1. c4 e6 2. Nf3 c5 3. b3 Be7 4. Bb2 Bf6 5. Nc3 Nc6 6. g3 Nge7 7. Bg2 O-O 8. O-O d5 9. cxd5 exd5 10. Na4 Bxb2 11. Nxb2 b6 12. Rc1 Be6 13. Nd3 Rc8 14. Nf4 Ng6 15. Nxe6 fxe6 16. d4 cxd4 17. Nxd4 Nxd4 18. Qxd4 Qf6 19. Qxf6 gxf6 20. Rfd1 Kf7 21. f4 f5 22. Kf2 Rfd8 23. e3 Ne7 24. Bf1 Rc5 25. b4 Rc6 26. Bb5 Rxc1 27. Rxc1 Rc8 28. Rxc8 Nxc8 29. a4 Nd6 30. Bd3 Kf6 31. h3 a5 32. bxa5 bxa5 33. g4 fxg4 34. hxg4 h6 35. Kf3 e5 36. fxe5+ Kxe5 37. Bg6 Nc4 38. Be8 Nd2+ 39. Ke2 Ne4 40. Kf3 Ng5+ 41. Ke2 Ke4 42. Bc6 Ke5 43. Kd3 Ne6 44. Bb5 Nc5+ 45. Ke2 Ne4 46. Kf3 Nc3 47. Be8 Ne4 48. Ke2 Nf6 49. Kd3 Nxg4 50. Bh5 Nf2+ 51. Ke2 Ne4 52. Kd3 Nc5+ 53. Kc3 Nxa4+ 54. Kb3 Nb6 55. Bf3 a4+ 56. Kb4 h5 57. Bxh5 Ke4 58. Bf7 Kxe3 59. Bxd5 Nxd5+ 60. Kxa4 1/2-1/2


[Site "https://www.chess.com"]

[Event "Titled Tuesday Blitz November 08 Late 2022"]
[White "Viana Da Costa, Fernando"]
[Black "Machidon, Cristi"]
[WhiteFideId "2111900"]
[BlackFideId "13904590"]
[WhiteElo "2259"]
[BlackElo "2333"]
[Result "1-0"]
[Round "04"]
[TimeControl "180+1"]
[Date "2022.11.09"]
[WhiteClock "0:00:15"]
[BlackClock "0:00:42"]

1. e4 g6 2. d4 Bg7 3. Nc3 a6 4. a4 b6 5. Nf3 Bb7 6. Bc4 e6 7. O-O Ne7 8. Re1 d6 9. Bf4 Nd7 10. Qd2 h6 11. Rad1 g5 12. Bg3 Ng6 13. h3 Qe7 14. d5 Nde5 15. Nxe5 Nxe5 16. Be2 Ng6 17. Bh5 O-O-O 18. dxe6 Ne5 19. exf7 Rhf8 20. Nd5 Qe6 21. Qc3 Bxd5 22. exd5 Qf5 23. Bxe5 Bxe5 24. Bg4 Qxg4 25. Qxe5 Qxg2+ 26. Kxg2 dxe5 27. Rxe5 Rxf7 28. Re6 Rfd7 29. c4 b5 30. axb5 axb5 31. b3 Rd6 32. Rde1 Kb7 33. Rxd6 Rxd6 34. Re6 bxc4 35. bxc4 Rxe6 36. dxe6 Kc6 37. c5 1-0


[Site "https://www.chess.com"]

[Event "Titled Tuesday Blitz November 08 Late 2022"]
[White "Wan, Joseph"]
[Black "Pinheiro, Iung Alicio de O."]
[WhiteFideId "2069890"]
[BlackFideId "2104350"]
[WhiteElo "2200"]
[BlackElo "2283"]
[Result "1-0"]
[Round "04"]
[TimeControl "180+1"]
[Date "2022.11.09"]
[WhiteClock "0:00:02"]
[BlackClock "0:00:05"]

1. d4 Nf6 2. Bf4 d5 3. e3 c5 4. Nf3 Nc6 5. Nbd2 cxd4 6. exd4 Bg4 7. c3 e6 8. Qb3 Qd7 9. h3 Bxf3 10. Nxf3 Bd6 11. Bxd6 Qxd6 12. Bd3 O-O 13. O-O e5 14. dxe5 Nxe5 15. Nxe5 Qxe5 16. Rfe1 Qc7 17. Rad1 Rfe8 18. Bb5 Re6 19. Bd3 Rae8 20. Rxe6 Rxe6 21. Qc2 g6 22. Be2 Qe7 23. Bf3 Re5 24. Qd2 Kg7 25. Qd4 a6 26. g3 h5 27. Kg2 Qe6 28. Rd2 Kg8 29. Rd1 Ne4 30. Re1 b5 31. Re3 Qf5 32. h4 Re6 33. Qa7 Kg7 34. a4 Nf6 35. axb5 axb5 36. Rxe6 Qxe6 37. Qd4 Qd7 38. Qc5 Qb7 39. Kh2 Qd7 40. Be2 Ne4 41. Qd4+ Kg8 42. Kg2 Qc6 43. f3 Nd6 44. b3 Nf5 45. Qd3 Qe6 46. Kf2 Qe5 47. f4 Qe7 48. Bf3 Qa7+ 49. Kg2 Qa2+ 50. Qe2 Qxb3 51. Qe8+ Kg7 52. Qe5+ Kf8 53. Qh8+ Ke7 54. Qe5+ Kd7 55. Kg1 Qb1+ 56. Kg2 Qc2+ 57. Kg1 Qc1+ 58. Kg2 Qd2+ 59. Kg1 Kc6 60. Qf6+ Kc5 61. Qe5 Qc1+ 62. Kg2 Qc2+ 63. Kg1 Qd3 64. Qc7# 1-0


[Site "https://www.chess.com"]

[Event "Titled Tuesday Blitz November 08 Late 2022"]
[White "Winterberg, Lukas"]
[Black "Barash, Anton"]
[WhiteFideId "24622702"]
[BlackFideId "30935229"]
[WhiteElo "2349"]
[BlackElo "2284"]
[Result "1-0"]
[Round "04"]
[TimeControl "180+1"]
[Date "2022.11.09"]
[WhiteClock "0:00:07"]
[BlackClock "0:00:03"]

1. d4 Nf6 2. Nf3 g6 3. c4 Bg7 4. Nc3 O-O 5. e4 d6 6. Be2 Nbd7 7. h3 e5 8. d5 Qe7 9. Be3 c5 10. Nd2 Kh8 11. g4 Ng8 12. h4 f5 13. exf5 gxf5 14. gxf5 Ndf6 15. Qc2 Nh6 16. Bd3 Nhg4 17. O-O-O a6 18. Nde4 Bxf5 19. Rdg1 Nxe3 20. fxe3 Bxe4 21. Bxe4 Bh6 22. Kb1 Bxe3 23. Rg3 Bf4 24. Rg2 Rg8 25. Rhg1 Rxg2 26. Rxg2 Rg8 27. a3 Rxg2 28. Qxg2 Qg7 29. Qf3 Qg3 30. h5 h6 31. Ka2 Kg7 32. Qxg3+ Bxg3 33. Bg6 Bf4 34. Kb1 b6 35. Kc2 b5 36. b3 bxc4 37. bxc4 Nd7 38. Kd3 Nb6 39. Ne4 Nc8 40. Bf5 Ne7 41. Be6 Ng8 42. Bxg8 Kxg8 43. Nxd6 Kg7 44. Ke4 Kf6 45. Nb7 Kg5 46. Nxc5 Kxh5 47. Ne6 Kg6 48. Nxf4+ exf4 49. Kxf4 Kf6 50. c5 1-0


[Site "https://www.chess.com"]

[Event "Titled Tuesday Blitz November 08 Late 2022"]
[White "Yanchenko, Roman"]
[Black "Brodowski, Piotr"]
[WhiteFideId "4137329"]
[BlackFideId "1124480"]
[WhiteElo "2489"]
[BlackElo "2351"]
[Result "0-1"]
[Round "04"]
[TimeControl "180+1"]
[Date "2022.11.09"]
[WhiteClock "0:00:13"]
[BlackClock "0:00:38"]

1. d4 g6 2. c4 Bg7 3. Nf3 d6 4. Nc3 Nc6 5. Bf4 Bg4 6. e3 e5 7. dxe5 dxe5 8. Bg3 Nge7 9. Be2 Nf5 10. O-O Nxg3 11. hxg3 O-O 12. Nd2 Be6 13. c5 Qe7 14. Na4 Rad8 15. Qc2 Nb4 16. Qc3 Nd5 17. Qc1 c6 18. Ne4 f5 19. Nec3 Nb4 20. Rd1 e4 21. a3 Nd3 22. Bxd3 exd3 23. Qb1 Bc4 24. b3 Ba6 25. b4 h5 26. Qb3+ Kh7 27. Ra2 h4 28. gxh4 Qxh4 29. g3 Bc4 30. Qb2 Qh3 31. Qd2 Rh8 32. f4 Bxa2 33. Nxa2 Qxg3+ 34. Qg2 Qxe3+ 35. Qf2 Qxf2+ 36. Kxf2 Kg8 37. Kg3 d2 0-1


[Site "https://www.chess.com"]

[Event "Titled Tuesday Blitz November 08 Late 2022"]
[White "Yuan, Qingyu"]
[Black "Janaszak, Dawid"]
[WhiteFideId "8609772"]
[BlackFideId "1119206"]
[WhiteElo "2359"]
[BlackElo "2226"]
[Result "1-0"]
[Round "04"]
[TimeControl "180+1"]
[Date "2022.11.09"]
[WhiteClock "0:00:03"]
[BlackClock "0:00:04"]

1. e4 e5 2. Nc3 Nf6 3. Bc4 Nc6 4. d3 Bb4 5. Ne2 d5 6. exd5 Nxd5 7. O-O Nxc3 8. bxc3 Bd6 9. Ng3 O-O 10. a4 Kh8 11. Qf3 f5 12. Rb1 Qf6 13. Bd5 Nd8 14. Re1 c6 15. Ba2 Rb8 16. Qh5 h6 17. h3 Ne6 18. Qe2 Bd7 19. Be3 c5 20. Bd2 Bxa4 21. Bd5 Nf4 22. Bxf4 exf4 23. Nf1 Qxc3 24. Qe6 Rf6 25. Qe2 Qxc2 26. Qf3 Qc3 27. Bxb7 c4 28. dxc4 Qxc4 29. Bd5 Qc8 30. Rec1 Qf8 31. Ra1 Bb5 32. Rxa7 Rc8 33. Rxc8 Qxc8 34. Ra8 Bb8 35. Qb3 Rb6 36. Qf3 Bd7 37. h4 Rb1 38. Qd3 Qc1 39. Kh2 f3+ 40. g3 Be8 41. Rxb8 Qxf1 42. Qxf1 Rxf1 43. Rxe8+ Kh7 44. Bxf3 Rxf2+ 45. Bg2 f4 46. gxf4 Rxf4 47. Kg3 g5 48. h5 Rh4 49. Be4+ Kg7 50. Bg6 Kf6 51. Rh8 Rh1 52. Rxh6 Kg7 53. Rh7+ Kf6 54. Rf7+ Ke5 55. Rf5+ Ke6 56. Ra5 Kf6 57. Kg2 Rh4 58. Rf5+ Kg7 59. Rxg5 Kh6 60. Rf5 Rb4 61. Kf3 Rb3+ 62. Kg4 Rb4+ 63. Kg3 Rb3+ 64. Kf2 Rb2+ 65. Ke3 Rb3+ 66. Kd4 Rb4+ 67. Kc5 Ra4 68. Rf1 Ra5+ 69. Kd6 Ra6+ 70. Kc7 Ra7+ 71. Kb6 Ra3 72. Bf7 Re3 73. Kc5 Re5+ 74. Kd6 Re2 75. Rf6+ Kg7 76. Rf5 Rd2+ 77. Bd5 Kh6 78. Ke5 Re2+ 79. Kf6 Rh2 80. Bf3 Rf2 81. Kf7 Rf1 82. Rf6+ Kg5 83. h6 Ra1 84. Rg6+ Kf5 85. Bg4+ Kf4 86. h7 Rh1 87. Kg7 1-0


[Site "https://www.chess.com"]

[Event "Titled Tuesday Blitz November 08 Late 2022"]
[White "Zeman, Matyas"]
[Black "Martic, Ivan"]
[WhiteFideId "364398"]
[BlackFideId "929301"]
[WhiteElo "2254"]
[BlackElo "2355"]
[Result "0-1"]
[Round "04"]
[TimeControl "180+1"]
[Date "2022.11.09"]
[WhiteClock "0:00:47"]
[BlackClock "0:01:34"]

1. e4 c6 2. Nf3 d5 3. d3 Bg4 4. Be2 e6 5. Ne5 Bxe2 6. Qxe2 Nd7 7. Nxd7 Qxd7 8. O-O Ne7 9. Nc3 d4 10. Nb1 c5 11. Nd2 Nc6 12. f4 f6 13. Nf3 Be7 14. Bd2 O-O 15. g4 b5 16. f5 e5 17. h4 Rac8 18. g5 c4 19. a3 c3 20. bxc3 dxc3 21. Be3 a5 22. gxf6 Bxf6 23. Ng5 Bxg5 24. hxg5 Nd4 25. Qh2 Rc6 26. g6 hxg6 27. fxg6 Rxg6+ 28. Kh1 Nf3 29. Qh5 Rg3 0-1


[Site "https://www.chess.com"]

[Event "Titled Tuesday Blitz November 08 Late 2022"]
[White "Zeynalli, Rashad"]
[Black "Milosevic, Milos"]
[WhiteFideId "13403320"]
[BlackFideId "964875"]
[WhiteElo "2125"]
[BlackElo "2321"]
[Result "1-0"]
[Round "04"]
[TimeControl "180+1"]
[Date "2022.11.09"]
[WhiteClock "0:00:04"]
[BlackClock "0:00:05"]

1. d4 d5 2. Bf4 c6 3. e3 f6 4. Nf3 g5 5. Nxg5 fxg5 6. Qh5+ Kd7 7. Bxg5 Nf6 8. Qf3 Bg7 9. Nd2 Na6 10. a3 h6 11. Bf4 Qf8 12. Bd3 Nc7 13. c4 e6 14. O-O Kd8 15. e4 Bd7 16. cxd5 exd5 17. Rfe1 Ne6 18. Be5 Ne8 19. Qg3 Nxd4 20. exd5 c5 21. Ne4 Bxe5 22. Qxe5 Rg8 23. Ng3 Qf6 24. Qe3 Nd6 25. b4 c4 26. Bh7 Rg5 27. Rad1 N4f5 28. Qc5 Nxg3 29. hxg3 Rg7 30. Bc2 Re7 31. a4 Rf7 32. Re2 Bg4 33. f3 Bd7 34. Rde1 b6 35. Qf2 Kc7 36. a5 Rg8 37. axb6+ axb6 38. Ra1 Nb7 39. Rd2 Rfg7 40. d6+ Nxd6 41. Ra7+ Nb7 42. Be4 Bc6 43. Bxc6 Qxc6 44. Qd4 Rxg3 45. Qe5+ Kc8 46. Ra8# 1-0


[Site "https://www.chess.com"]

[Event "Titled Tuesday Blitz November 08 Late 2022"]
[White "Zhigalko, Sergei"]
[Black "Deac, Bogdan-Daniel"]
[WhiteFideId "13502956"]
[BlackFideId "1226380"]
[WhiteElo "2662"]
[BlackElo "2648"]
[Result "0-1"]
[Round "04"]
[TimeControl "180+1"]
[Date "2022.11.08"]
[WhiteClock "0:00:01"]
[BlackClock "0:00:05"]

1. e4 e5 2. Nf3 Nc6 3. Bc4 Nf6 4. d3 Bc5 5. O-O d6 6. Nbd2 O-O 7. c3 a5 8. h3 h6 9. Re1 Be6 10. Bb5 Nd7 11. Nf1 d5 12. Ng3 Re8 13. Bxc6 bxc6 14. exd5 Bxd5 15. c4 Be6 16. Be3 Bf8 17. Qc2 c5 18. Rad1 f6 19. Ne4 f5 20. Nc3 Bd6 21. Nb5 Qf6 22. Bd2 Bf7 23. Bc3 Bh5 24. Re3 Qg6 25. Kh1 f4 26. Ree1 Bxf3 27. gxf3 Qh5 28. Kg2 Re6 29. Qe2 Nf8 30. Rg1 Rae8 31. Kh2 a4 32. Rg4 Nh7 33. Rdg1 R8e7 34. Bd2 Nf6 35. Nc3 Nxg4+ 36. fxg4 f3 37. Qe4 Qf7 38. Rg3 Re8 39. Rxf3 Rf6 40. Rxf6 Qxf6 41. Kg2 Rf8 42. Be3 a3 43. b3 Qf7 44. Nb5 Qd7 45. Nxa3 c6 46. Nb1 Ra8 47. Nc3 Qb7 48. Na4 Qd7 49. Bxc5 Bxc5 50. Nxc5 Qd6 51. Na4 Rf8 52. Nc3 Rf4 53. Qe3 Rd4 54. Ne4 Qa3 0-1


[Site "https://www.chess.com"]

[Event "Titled Tuesday Blitz November 08 Late 2022"]
[White "Zhu, Jiner"]
[Black "Musovic, Armin"]
[WhiteFideId "8608059"]
[BlackFideId "939935"]
[WhiteElo "2384"]
[BlackElo "2288"]
[Result "0-1"]
[Round "04"]
[TimeControl "180+1"]
[Date "2022.11.09"]
[WhiteClock "0:00:08"]
[BlackClock "0:00:12"]

1. c4 e5 2. Nc3 Bb4 3. Nd5 Bc5 4. e3 c6 5. d4 Bf8 6. Nc3 d6 7. Nf3 Nd7 8. Be2 Ngf6 9. O-O e4 10. Nd2 d5 11. Rb1 Bd6 12. b4 O-O 13. Qb3 Qc7 14. g3 dxc4 15. Bxc4 b5 16. Be2 Re8 17. a4 a6 18. Bb2 Nf8 19. Rbc1 Be6 20. Qc2 Bh3 21. Rfd1 Qd7 22. Ncxe4 Nxe4 23. Nxe4 Bxb4 24. Qb3 a5 25. Bf3 Be6 26. Qc2 Bd5 27. Nc5 Qd6 28. Bxd5 Qxd5 29. Nd3 bxa4 30. Qxa4 Qb5 31. Ra1 Reb8 32. Ne5 c5 33. d5 f6 34. Nc6 Qxa4 35. Rxa4 Rb6 36. Rda1 Re8 37. Kf1 h5 38. Ke2 Ng6 39. Kd3 h4 40. f3 h3 41. e4 f5 42. e5 f4 43. g4 Rc8 44. R1a2 Kf7 45. Ke4 Rbxc6 46. dxc6 Rxc6 47. Bc1 Ke6 48. Bxf4 Ne7 49. Bg3 Nd5 50. Rc2 Nc3+ 51. Rxc3 Bxc3 52. f4 Bb4 53. f5+ Ke7 54. Kd5 Rc8 55. Bh4+ Ke8 56. Kc4 Rc7 57. e6 Rc6 58. Bg3 Rc8 59. Ra2 Rd8 60. Bc7 Rd4+ 61. Kb5 c4 62. Bxa5 Bxa5 63. Rxa5 Rd5+ 0-1


[Site "https://www.chess.com"]

[Event "Titled Tuesday Blitz November 08 Late 2022"]
[White "chess50years"]
[Black "Gasparyan, David"]
[BlackFideId "13311980"]
[WhiteElo "2085"]
[BlackElo "2312"]
[Result "1-0"]
[Round "04"]
[TimeControl "180+1"]
[Date "2022.11.09"]
[WhiteClock "0:00:55"]
[BlackClock "0:00:05"]

1. d4 Nf6 2. c4 c6 3. Nc3 d5 4. e3 g6 5. Nf3 Bg7 6. Bd3 O-O 7. O-O dxc4 8. Bxc4 Nbd7 9. Qe2 Nb6 10. Bb3 a5 11. a3 Nbd5 12. Rd1 b6 13. e4 Nxc3 14. bxc3 Ba6 15. Bc4 b5 16. Bd3 Qc7 17. a4 Rab8 18. Bg5 Rfd8 19. h3 h6 20. Be3 Nh5 21. Rdb1 Rbc8 22. e5 Bf8 23. Nd2 Kh7 24. Ne4 Ng7 25. Nc5 Ra8 26. axb5 Bxb5 27. Bxb5 cxb5 28. Qxb5 Nf5 29. Qb7 Qxb7 30. Nxb7 Rdb8 31. Nc5 Rxb1+ 32. Rxb1 Nxe3 33. fxe3 e6 34. Nd7 Be7 35. Ra1 a4 36. Nb6 Ra6 37. Nxa4 Bh4 38. Ra2 Be1 39. c4 Bb4 40. Nc3 Rxa2 41. Nxa2 Bd2 42. Kf2 Ba5 43. Ke2 Kg7 44. g4 f6 45. exf6+ Kxf6 46. e4 Kg5 47. Kf3 Kh4 48. Kg2 Kg5 49. Kf3 Bd2 50. e5 h5 51. gxh5 gxh5 52. c5 Kg6 53. Ke4 Kf7 54. d5 exd5+ 55. Kxd5 Ke7 56. e6 h4 57. c6 Ba5 58. Nc1 Bc7 59. Nd3 Bg3 60. Ne5 Kd8 61. Ng6 Ke8 62. Ne5 Kd8 63. Nf7+ Ke7 64. Nh6 Kd8 65. Nf5 Bh2 66. Nxh4 Ke7 67. Nf5+ Kd8 68. Nd6 Bf4 69. Nb5 Bg3 70. c7+ Bxc7 71. Nxc7 Kxc7 72. Ke5 Kd8 73. Kf6 Ke8 74. e7 Kd7 75. Kf7 Kd6 76. e8=Q Kd5 77. Qe3 Kc4 78. Ke6 Kb5 79. Qc3 Kb6 80. Kd7 Kb5 81. Kd6 Kb6 82. Qb2+ Ka5 83. Kc5 Ka6 84. Qb6# 1-0


[Site "https://www.chess.com"]

[Event "Titled Tuesday Blitz November 08 Late 2022"]
[White "Aguilar, Juan"]
[Black "Adewumi, Tanitoluwa"]
[WhiteFideId "3800091"]
[BlackFideId "30966396"]
[WhiteElo "2424"]
[BlackElo "2548"]
[Result "0-1"]
[Round "05"]
[TimeControl "180+1"]
[Date "2022.11.09"]
[WhiteClock "0:00:03"]
[BlackClock "0:00:03"]

1. d4 Nf6 2. c4 e6 3. Nf3 b6 4. g3 Ba6 5. Qc2 Nc6 6. Bg2 Nb4 7. Qb3 Nc6 8. Nbd2 Na5 9. Qc2 Bb4 10. O-O O-O 11. a3 Bxd2 12. Nxd2 d5 13. b3 Rc8 14. Bb2 Re8 15. e4 c5 16. exd5 cxd4 17. Bxd4 exd5 18. Bxf6 Qxf6 19. Bxd5 Re2 20. Qd3 Rxd2 21. Qxd2 Nxb3 22. Qa2 Nxa1 23. Qxa1 Qxa1 24. Rxa1 Bxc4 25. Rc1 b5 26. a4 a6 27. axb5 axb5 28. f4 g6 29. Kf2 Kg7 30. Bxc4 bxc4 31. Ke3 c3 32. Kd3 Kf6 33. Rxc3 Rxc3+ 34. Kxc3 Kf5 35. Kd4 Kg4 36. Ke5 Kh3 37. Kf6 Kxh2 38. g4 Kg3 0-1


[Site "https://www.chess.com"]

[Event "Titled Tuesday Blitz November 08 Late 2022"]
[White "Alfaro, William"]
[Black "Chernomordik, Pavel"]
[WhiteFideId "6100457"]
[BlackFideId "2804530"]
[WhiteElo "2096"]
[BlackElo "2192"]
[Result "1-0"]
[Round "05"]
[TimeControl "180+1"]
[Date "2022.11.09"]
[WhiteClock "0:00:48"]
[BlackClock "0:00:37"]

1. Nf3 g6 2. g3 Bg7 3. Bg2 e5 4. d3 Nc6 5. O-O d6 6. e4 Nge7 7. Bg5 h6 8. Be3 O-O 9. Qd2 Kh7 10. c3 f5 11. exf5 Nxf5 12. Na3 d5 13. d4 e4 14. Ne1 Nxe3 15. fxe3 Rxf1+ 16. Bxf1 h5 17. Ng2 g5 18. c4 Ne7 19. Rc1 c6 20. Nc2 Be6 21. b3 Qd7 22. Be2 Bg4 23. Rf1 Kg6 24. Bxg4 Qxg4 25. Qd1 Qe6 26. h4 Qh3 27. Qe1 Bh6 28. Rf2 Nf5 29. Qf1 Nxg3 30. Nf4+ gxf4 31. Qxh3 Nf5 32. exf4 Kf6 33. Rg2 Re8 34. Ne3 Nxd4 35. cxd5 Bxf4 36. Rf2 Nf3+ 37. Rxf3 exf3 38. Qxf3 Ke5 39. Nc4+ Kf5 40. Nd6+ 1-0


[Site "https://www.chess.com"]

[Event "Titled Tuesday Blitz November 08 Late 2022"]
[White "Ali Abdullahi, Farah"]
[Black "Floresvillar Gonzalez, Luis Migu"]
[WhiteFideId "16100212"]
[BlackFideId "5100542"]
[WhiteElo "2263"]
[BlackElo "2040"]
[Result "1-0"]
[Round "05"]
[TimeControl "180+1"]
[Date "2022.11.09"]
[WhiteClock "0:02:30"]
[BlackClock "0:02:08"]

1. b3 e5 2. Bb2 Nc6 3. e3 Bc5 4. Bb5 Nge7 5. Nf3 d6 6. d4 exd4 7. exd4 Bb4+ 8. c3 Ba5 9. b4 Bb6 10. d5 a6 11. Ba4 Bxf2+ 12. Kxf2 b5 13. dxc6 bxa4 14. Re1 O-O 15. c4 Nxc6 16. Qxa4 Bb7 17. Qc2 Nxb4 18. Qc3 a5 19. Qxg7# 1-0


[Site "https://www.chess.com"]

[Event "Titled Tuesday Blitz November 08 Late 2022"]
[White "Andreikin, Dmitry"]
[Black "Goltsev, Dmitry"]
[WhiteFideId "4158814"]
[BlackFideId "24176710"]
[WhiteElo "2736"]
[BlackElo "2289"]
[Result "1-0"]
[Round "05"]
[TimeControl "180+1"]
[Date "2022.11.08"]
[WhiteClock "0:00:10"]
[BlackClock "0:00:13"]

1. e4 e6 2. d3 d5 3. Nd2 Nf6 4. Ngf3 c5 5. g3 Nc6 6. Bg2 dxe4 7. dxe4 e5 8. O-O Qc7 9. c3 h6 10. Nc4 Be6 11. Qe2 Be7 12. Nh4 O-O 13. Nf5 Rfd8 14. g4 Bxf5 15. exf5 Nd5 16. Re1 Bg5 17. Bxg5 hxg5 18. Bxd5 Rxd5 19. Nd2 e4 20. Nxe4 Qf4 21. Kg2 Rad8 22. h3 Ne5 23. Qe3 b6 24. Nxg5 Qa4 25. b3 Qc6 26. Qe4 Qh6 27. c4 Rd2 28. Qxe5 Qxg5 29. Re2 f6 30. Qe6+ Kh7 31. Rae1 Qf4 32. Qe3 Rxe2 33. Rxe2 Qd6 34. a4 Qc6+ 35. Qf3 Qxf3+ 36. Kxf3 Rd3+ 37. Re3 Rd2 38. h4 Kh6 39. Kg3 Rb2 40. f3 Kh7 41. Kf4 Kh6 42. g5+ Kh5 43. Re8 1-0


[Site "https://www.chess.com"]

[Event "Titled Tuesday Blitz November 08 Late 2022"]
[White "Annaberdiyev, Babageldi"]
[Black "Rangel, Daniel"]
[WhiteFideId "14000385"]
[BlackFideId "2124475"]
[WhiteElo "2332"]
[BlackElo "2225"]
[Result "0-1"]
[Round "05"]
[TimeControl "180+1"]
[Date "2022.11.09"]
[WhiteClock "0:01:21"]
[BlackClock "0:00:33"]

1. e4 c5 2. Nf3 g6 3. d4 cxd4 4. Qxd4 Nf6 5. e5 Nc6 6. Qh4 Nxe5 7. Nxe5 Qa5+ 8. Nc3 Qxe5+ 9. Be3 Bg7 10. O-O-O O-O 11. Bc4 d5 12. Bd4 Qd6 13. Nxd5 Nxd5 14. Bxg7 Kxg7 15. Rxd5 Qf6 16. Qxf6+ Kxf6 17. Rc5 Bf5 18. Bb3 Rac8 19. Rxc8 Rxc8 20. Rd1 h5 21. c3 e5 22. Bc2 Bxc2 23. Kxc2 Ke6 24. a4 h4 25. h3 f5 26. b4 g5 27. Kb3 e4 28. c4 Rc7 29. c5 Rd7 30. Rxd7 Kxd7 31. Kc4 f4 32. Kd4 g4 33. Kxe4 f3 34. gxf3 gxh3 0-1


[Site "https://www.chess.com"]

[Event "Titled Tuesday Blitz November 08 Late 2022"]
[White "Arnold, Ken"]
[Black "Barria Zuniga, Daniel"]
[WhiteFideId "2056836"]
[BlackFideId "3400816"]
[WhiteElo "2312"]
[BlackElo "2414"]
[Result "0-1"]
[Round "05"]
[TimeControl "180+1"]
[Date "2022.11.09"]
[WhiteClock "0:00:17"]
[BlackClock "0:00:27"]

1. d4 g6 2. c4 Bg7 3. Nc3 c5 4. Nf3 cxd4 5. Nxd4 Nc6 6. Nxc6 bxc6 7. Qc2 d6 8. e4 Nf6 9. Bd3 O-O 10. O-O Nd7 11. b3 Nc5 12. Bb2 Nxd3 13. Qxd3 a5 14. Rfd1 Qc7 15. Rac1 Bg4 16. f3 Bd7 17. Na4 Bxb2 18. Nxb2 Rfd8 19. c5 Be8 20. Qc3 d5 21. e5 d4 22. Rxd4 Rxd4 23. Qxd4 Rd8 24. Qe3 Rd5 25. Nc4 Qd8 26. h4 Rd4 27. Qg5 Rd5 28. Nd6 f6 29. Qh6 exd6 30. exd6 Bf7 31. Re1 Rxc5 32. Re7 Qxd6 33. Rb7 Rb5 34. Rxf7 Kxf7 35. Qxh7+ Kf8 36. Qh8+ Ke7 37. Qg7+ Kd8 38. Qxg6 Rd5 39. h5 Rd1+ 0-1


[Site "https://www.chess.com"]

[Event "Titled Tuesday Blitz November 08 Late 2022"]
[White "Ashiku, Franc"]
[Black "Yanayt, Eugene"]
[WhiteFideId "4700066"]
[BlackFideId "2020165"]
[WhiteElo "2306"]
[BlackElo "2046"]
[Result "1-0"]
[Round "05"]
[TimeControl "180+1"]
[Date "2022.11.09"]
[WhiteClock "0:00:30"]
[BlackClock "0:00:05"]

1. d4 Nf6 2. c4 g6 3. g3 Bg7 4. Bg2 O-O 5. Nf3 c6 6. O-O a6 7. c5 b6 8. Nc3 bxc5 9. dxc5 d5 10. cxd6 exd6 11. e4 a5 12. e5 Ne8 13. Bf4 d5 14. Rc1 Ba6 15. Re1 Nc7 16. Bg5 f6 17. exf6 Bxf6 18. Qd2 Nd7 19. h4 Nb6 20. b3 Nb5 21. Ne5 Qd6 22. Nxc6 Kh8 23. Nxb5 Bxb5 24. Nd4 Bd7 25. a4 Rf7 26. Nb5 Qb4 27. Bxf6+ Rxf6 28. Qxb4 axb4 29. Nc7 Raf8 30. Nxd5 Nxd5 31. Bxd5 Rxf2 32. Rc7 Bh3 33. Ree7 Rf1+ 34. Kh2 R8f2+ 35. Kxh3 Rh1+ 36. Bxh1 1-0


[Site "https://www.chess.com"]

[Event "Titled Tuesday Blitz November 08 Late 2022"]
[White "Banzea, Alexandru-Bogdan"]
[Black "Zhu, Jiner"]
[WhiteFideId "1232622"]
[BlackFideId "8608059"]
[WhiteElo "2294"]
[BlackElo "2384"]
[Result "1/2-1/2"]
[Round "05"]
[TimeControl "180+1"]
[Date "2022.11.09"]
[WhiteClock "0:00:04"]
[BlackClock "0:00:05"]

1. d4 Nf6 2. Bf4 g6 3. Nf3 Bg7 4. c3 O-O 5. Nbd2 d5 6. e3 c5 7. dxc5 Nbd7 8. Nb3 e6 9. Bd6 Re8 10. Bb5 a6 11. c6 Nb6 12. cxb7 Bxb7 13. Bxe8 Qxd6 14. Na5 Qc7 15. Ba4 Nxa4 16. Qxa4 Bc8 17. Qc6 Qb8 18. O-O Bd7 19. Qb7 Qe8 20. Nb3 Bb5 21. Rfe1 Rb8 22. Qc7 Rc8 23. Qf4 Ne4 24. Nfd2 e5 25. Qf3 Bd3 26. Nxe4 Bxe4 27. Qd1 Qb5 28. Nd2 Bf5 29. Qb3 Qc6 30. Rad1 Be6 31. Nf3 Qc7 32. Qa4 Qb6 33. Qb4 Qc7 34. Qa3 Qc6 35. Qb4 h5 36. Qh4 Rb8 37. Qg3 Qc7 38. Rd2 Bf6 39. Red1 Kg7 40. h4 Rb5 41. Ng5 Bxg5 42. Qxg5 Qb8 43. Qg3 Kh7 44. f3 a5 45. Qf2 a4 46. Qe2 Qa7 47. Kh2 Qb6 48. e4 dxe4 49. Qxe4 Qc5 50. b4 axb3 51. axb3 Rxb3 52. Rd8 Rxc3 53. Qa8 Qe7 54. Rh8+ Kg7 55. Qg8+ Kf6 56. Qd8 Rc4 57. Qxe7+ Kxe7 58. Ra8 Rxh4+ 59. Kg3 Rc4 60. Ra7+ Kf6 61. Rb1 h4+ 62. Kh2 Rc2 63. Rb6 Kf5 64. Ra5 Kf6 65. Rbb5 Re2 66. Rb4 h3 67. Kh1 Rxg2 68. f4 Re2 69. fxe5+ Rxe5 70. Rf4+ Bf5 71. Rxe5 Kxe5 72. Rf2 g5 73. Kh2 Be6 74. Kg3 f6 75. Re2+ Kf5 76. Rf2+ Kg6 77. Rb2 Bf5 78. Rb6 Bd7 79. Rd6 Bb5 80. Rd5 Bf1 81. Rd6 Bg2 82. Rb6 Kf7 83. Rb5 Ke6 84. Rb6+ Ke5 85. Rb5+ Ke4 86. Rb4+ Kd5 87. Rb5+ Kd6 88. Ra5 Ke6 89. Ra6+ Kf7 90. Ra5 Be4 91. Kxh3 f5 92. Kg3 Kg6 93. Ra6+ Kh5 94. Ra7 f4+ 95. Kf2 Kg4 96. Rg7 Kh4 97. Rg8 g4 98. Rh8+ Kg5 99. Rg8+ Bg6 100. Rg7 Kf6 101. Ra7 Kg5 102. Rg7 Kh6 103. Ra7 Bh5 104. Ra5 Kg6 105. Rb5 g3+ 106. Kg2 Bg4 107. Rb6+ Kg5 108. Rb8 Kh4 109. Rh8+ Bh5 110. Rf8 Kg5 111. Rg8+ Bg6 112. Rf8 Be4+ 113. Kg1 Kg4 114. Kf1 Kf3 115. Kg1 Kg4 116. Rg8+ Kf5 117. Rf8+ Ke5 118. Re8+ Kd4 119. Rg8 Ke3 120. Rg7 Bf5 121. Rg8 Kf3 122. Rf8 Kg4 123. Rg8+ Kh4 124. Rf8 Kg5 125. Rg8+ Bg6 126. Rf8 Kg4 127. Rg8 Kf5 128. Rf8+ Ke4 129. Rg8 Bh5 130. Rg7 Bf3 131. Rg8 Be2 132. Re8+ Kf3 133. Rf8 Bc4 134. Rf6 Kg4 135. Rg6+ Kf5 136. Rg7 f3 137. Rxg3 Kf4 138. Rxf3+ Kxf3 1/2-1/2


[Site "https://www.chess.com"]

[Event "Titled Tuesday Blitz November 08 Late 2022"]
[White "Barash, Anton"]
[Black "Jimenez Almeida, Luis David"]
[WhiteFideId "30935229"]
[BlackFideId "22242244"]
[WhiteElo "2280"]
[BlackElo "2158"]
[Result "1-0"]
[Round "05"]
[TimeControl "180+1"]
[Date "2022.11.09"]
[WhiteClock "0:00:20"]
[BlackClock "0:01:11"]

1. e4 c5 2. Nf3 e6 3. d4 cxd4 4. Nxd4 Nc6 5. Nc3 Nf6 6. Ndb5 d6 7. Bf4 e5 8. Bg5 a6 9. Na3 b5 10. Nd5 Be7 11. Bxf6 Bxf6 12. c3 Bg5 13. Nc2 O-O 14. a4 bxa4 15. Rxa4 a5 16. Bc4 Be6 17. h4 Bh6 18. g4 Bf4 19. Nxf4 exf4 20. Nd4 Bxc4 21. Nxc6 Qb6 22. Rxc4 Qxb2 23. O-O h5 24. Qd5 Rfe8 25. Ne7+ Kf8 26. Nf5 Rad8 27. Rc7 Re6 28. Nd4 Re7 29. Rxe7 Kxe7 30. Nc6+ Kf8 31. Nxd8 hxg4 32. Qxf7# 1-0


[Site "https://www.chess.com"]